 Dungeon Crawl Stone Soup version 0.30-a0-373-gd37427bb62 (webtiles) character file.

Game seed: 11317157833402064154

103 NinjaNoafa the Chopper (level 4, -2/39 HPs)
             Began as a Minotaur Fighter on Nov 23, 2022.
             Slain by an orc
             ... wielding a +0 mace
              (5 damage)
             ... on level 3 of the Dungeon.
             The game lasted 00:03:32 (1859 turns).

NinjaNoafa the Chopper (Minotaur Fighter)           Turns: 1859, Time: 00:03:34

Health: -2/39      AC:  8    Str: 23    XL:     4   Next: 51%
Magic:  3/3        EV:  9    Int:  5    God:
Gold:   118        SH:  0    Dex:  9    Spells: 3/3 levels left

rFire   . . .      SeeInvis .    a - +0 war axe
rCold   . . .      Faith    .    c - +0 buckler
rNeg    . . .      Spirit   .    b - +0 scale mail
rPois   +          Reflect  .    (helmet restricted)
rElec   .          Harm     .    g - +0 cloak
rCorr   .          Rampage  .    (no gloves)
Will    .....                    (no boots)
Stlth   ..........               (no amulet)
HPRegen 0.26/turn                n - +4 ring of slaying
MPRegen 0.08/turn                (no ring)

@: confused, lethally poisoned (-2 -> -6), flying
A: horns 2, retaliatory headbutt, poison resistance
a: no special abilities


You were on level 3 of the Dungeon.
You visited 1 branch of the dungeon, and saw 3 of its levels.

You collected 118 gold pieces.

Inventory:

Hand Weapons
 a - a +0 war axe (weapon)
Missiles
 e - 31 stones (quivered)
Armour
 b - a +0 scale mail (worn)
 c - a +0 buckler (worn)
 g - a +0 cloak (worn)
 o - a +0 tower shield
Jewellery
 n - a +4 ring of slaying (left hand)
Scrolls
 f - 4 scrolls of identify {unknown}
 h - a scroll of poison {unknown}
 i - a scroll of enchant weapon {unknown}
 j - 3 scrolls of immolation {unknown}
 k - a scroll of amnesia {unknown}
 p - a scroll of teleportation {unknown}
Potions
 d - a potion of might


   Skills:
 - Level 3.6 Fighting
 * Level 5.8 Axes
 - Level 3.6 Armour
 - Level 3.6 Shields


You had 3 spell levels left.
You didn't know any spells.
Your spell library contained the following spells:

 Spells                   Type           Power      Damage    Failure   Level
 Magic Dart               Conj           0%         1d3       86%         1
 Summon Small Mammal      Summ           0%         N/A       86%         1
 Call Imp                 Summ           0%         N/A       95%         2
 Call Canine Familiar     Summ           0%         N/A       99%         3
 Mephitic Cloud           Conj/Pois/Air  0%         N/A       99%         3
 Summon Guardian Golem    Hex/Summ       0%         N/A       99%         3


Dungeon Overview and Level Annotations

Branches:
Dungeon (3/15)

Altars:

Annotations:
D:3 1 runed translucent door, Crazy Yiuf


Innate Abilities, Weirdness & Mutations

You have a pair of horns on your head.
You reflexively headbutt those who attack you in melee.
Your system is resistant to poisons. (rPois)


Message History

You see here a rat corpse.
You now have 118 gold pieces (gained 10).
p - a scroll labelled HEOFFO MECVAR Key pressed, stopping explore.
Found a dagger.
An orc comes into view. It is wielding a +0 flail.
An orc wizard comes into view.
It is wielding the +8 trident of Karma {venom, Str+2}.
There are monsters nearby!
There are monsters nearby! 2 orcs come into view.
The orc shouts!
The orc throws a stone.
You block the stone.
The orc moves out of view.
The orc throws a stone.
You block the stone.
An orc comes into view. It is wielding a +0 hand axe.
The orc wizard hits you from afar with the +8 trident of Karma {venom, Str+2}!
You are poisoned.
Unknown command.
Unknown command.
Unknown command.
You feel very sick.
The orc wizard casts a spell.
The orc wizard flickers and vanishes!
Deactivating autopickup; reactivate with Ctrl-A.
The orc shouts!
You feel very sick.
You are confused.
Unknown command.
Unknown command.
Okay, then.
It was a potion of mutation.
You feel extremely strange.
You feel resistant to poisons.
You feel very sick.
It was a potion of flight.
You feel very buoyant.
You fly up into the air.
You feel sick. The orc hits you but does no damage.
You feel sick. The orc hits you with a +0 flail.
* * * LOW HITPOINT WARNING * * *
Something hits you.
* * * LOW HITPOINT WARNING * * *
The orc attacks as you move away! The orc hits you with a +0 mace.
You die...

#....##.#.#..#
#.##.##.#....#
#.##.####.##.#
#.##.........#
####.#######.####
##....##........>.
#..#############.#
#...# #.. #@o.##
#.# ##o{.# #.#
#.o.# ..# #..o#
### ##..)# # .....
# #..... # ##....
# ##.. .


You could see 4 orcs.

Vanquished Creatures
  An orc wizard (D:3)
  2 adders (D:2)
  A dart slug (D:2)
  4 orcs (D:3)
  8 ball pythons
  3 endoplasms
  2 giant cockroaches (D:1)
  6 goblins
  5 hobgoblins
  3 jackals (D:1)
  4 kobolds
  A quokka (D:1)
  3 bats
  2 frilled lizards
  7 rats
52 creatures vanquished.

Notes
Turn   | Place    | Note
-------+----------+-------------------------------------------
     0 | D:1      | NinjaNoafa the Minotaur Fighter began the quest for the
                  | Orb.
     0 | D:1      | Reached XP level 1. HP: 19/19 MP: 0/0
    89 | D:1      | Reached skill level 3 in Axes
   122 | D:1      | Reached XP level 2. HP: 26/26 MP: 1/1
   221 | D:1      | Reached skill level 4 in Axes
   465 | D:1      | Reached XP level 3. HP: 29/31 MP: 2/2
   790 | D:2      | Found a faded altar of an unknown god.
   854 | D:2      | Reached skill level 5 in Axes
  1444 | D:3      | Reached XP level 4. HP: 39/39 MP: 3/3
  1578 | D:3      | Found a runed translucent door.
  1579 | D:3      | Noticed Crazy Yiuf
  1850 | D:3      | Identified the +8 trident of Karma {venom, Str+2}
  1856 | D:3      | Gained mutation: Your system is resistant to poisons.
                  | (rPois) [potion of mutation]
  1859 | D:3      | Slain by an orc

Illustrated notes

Levels and vault maps discovered:
D:1:      dpeg_arrival_line_fractal, layout_basic, minmay_nonomino_d4
D:2:      layout_basic, chequers_ecumenical_altar_island, st_stairs_5
D:3:      layout_basic, serial_curves, eino_curves_01, eino_curves_04,
          uniq_jessica, uniq_crazy_yiuf_cottage

Skill      XL: |  1  2  3 |
---------------+----------+-----
Axes           | 3 4 5 |  5.8
Fighting       | |  3.6
Armour         | |  3.6
Shields        | |  3.6

Action                   |  1- 3 |  4- 6 || total
-------------------------+-------+-------++-------
Melee: War axe           |    87 |    11 ||    98
       Headbutt          |     8 |     2 ||    10
  Use: Potion            |       |     2 ||     2
Armor: Scale mail        |    43 |     3 ||    46
Dodge: Dodged            |    50 |     4 ||    54
Block: Buckler           |    23 |     5 ||    28

Table legend: (Time is in decaauts)
 A = Elapsed time spent in this place.
 B = Non-inter-level travel time spent in this place.
 C = Inter-level travel time spent in this place.
 D = Time resting spent in this place.
 E = Time spent auto-exploring this place.
 F = Levels seen in this place.
 G = Mean time per level.
                   A        B        C        D        E       F      G
               +--------+--------+--------+--------+--------+-----+--------+
         Total |   1891 |   1808 |     83 |      0 |   1431 |   3 |  630.3 |
       Dungeon |   1891 |   1808 |     83 |      0 |   1431 |   3 |  630.3 |
               +--------+--------+--------+--------+--------+-----+--------+

Top non-repeatable levels by time:
     D:1: 770 daAuts
     D:2: 696 daAuts
     D:3: 425 daAuts
